 Dungeon Crawl Stone Soup version 0.28.0 (webtiles) character file.

Game seed: 14275312616532740941

122 Peloso the Covered (level 4, -4/41 HPs)
             Began as a Minotaur Fighter on Feb 10, 2022.
             Killed by nerve-wracking pain
             ... invoked by an orc priest
              (14 damage)
             ... on level 4 of the Dungeon.
             The game lasted 00:03:20 (2712 turns).

Peloso the Covered (Minotaur Fighter)               Turns: 2712, Time: 00:03:20

Health: -4/41      AC:  8    Str: 21    XL:     4   Next: 78%
Magic:  3/3        EV:  9    Int:  5    God:
Gold:   103        SH:  4    Dex: 11    Spells: 3/3 levels left

rFire   . . .      SeeInvis .   a - +0 long sword
rCold   . . .      Faith    .   c - +0 buckler
rNeg    . . .      Spirit   .   b - +0 scale mail
rPois   .          Reflect  .   (helmet restricted)
rElec   .          Harm     .   h - +0 cloak
rCorr   .          Rampage  .   (no gloves)
Will    .....                   (no boots)
Stlth   ..........              (no amulet)
HPRegen 0.13/turn               (no ring)
MPRegen 0.08/turn               (no ring)

@: no status effects
A: horns 2, retaliatory headbutt
a: no special abilities


You were on level 4 of the Dungeon.
You visited 1 branch of the dungeon, and saw 4 of its levels.

You collected 103 gold pieces.

Inventory:

Hand Weapons
 a - a +0 long sword (weapon)
Armour
 b - a +0 scale mail (worn)
 c - a +0 buckler (worn)
 h - a +0 cloak (worn)
Jewellery
 l - a ring of fire
Scrolls
 f - 2 scrolls of amnesia {unknown}
 g - a scroll of immolation {unknown}
 i - 2 scrolls of teleportation {unknown}
 j - a scroll of identify {unknown}
 m - a scroll of enchant weapon {unknown}
Potions
 d - 2 potions of might
 e - 2 potions of brilliance {unknown}
 k - a potion of attraction {unknown}
 n - a potion of resistance {unknown}


   Skills:
 + Level 4.3 Fighting
 + Level 3.6 Long Blades
 + Level 4.9 Armour
 + Level 0.9 Dodging
 + Level 0.2 Stealth
 + Level 4.2 Shields


You had 3 spell levels left.
You didn't know any spells.
Your spell library contained the following spells:

 Spells                   Type           Power      Damage    Failure   Level
 Ozocubu's Armour         Ice            0%         N/A       99%         3
 Metabolic Englaciation   Hex/Ice        0%         N/A       100%        5
 Simulacrum               Ice/Necr       0%         N/A       100%        6


Dungeon Overview and Level Annotations

Branches:
Dungeon (4/15)
 Temple: D:4-7

Altars:
Zin


Innate Abilities, Weirdness & Mutations

You have a pair of horns on your head.
You reflexively headbutt those who attack you in melee.


Message History

The orc hits you with a +0 whip.
You slash the orc!
You kill the orc!
The orc priest invokes the aid of Beogh against you.
You barely resist.
The orc priest hits you with a +0 dagger.
Things that are here:
a +0 whip; a scroll labelled FOILIOFOT; 6 gold pieces You hit the orc priest but do no damage.
Your headbutt misses the orc priest. The orc priest barely misses you.
You hit the orc priest.
The orc priest is heavily wounded.
The orc priest hits you but does no damage.
You hit the orc priest but do no damage.
Your headbutt misses the orc priest.
The orc priest is moderately wounded.
The orc priest barely misses you.
The orc priest hits you with a +0 dagger.
You hit the orc priest but do no damage.
The orc priest is moderately wounded.
The orc priest hits you with a +0 dagger.
You hit the orc priest but do no damage.
You headbutt the orc priest, but do no damage.
The orc priest is moderately wounded.
You block the orc priest's attack.
You barely miss the orc priest.
The orc priest is moderately wounded.
The orc priest invokes the aid of Beogh against you.
Beogh smites you!
You hit the orc priest.
The orc priest is severely wounded.
The orc priest hits you but does no damage.
The orc priest calls down the wrath of Beogh upon you.
Beogh smites you!
* * * LOW HITPOINT WARNING * * *
You closely miss the orc priest.
The orc priest is severely wounded.
The orc priest invokes the aid of Beogh against you.
Pain shoots through your body!
You die...

#.. ##.# #..# #...
#..# # ##.. # #..#####
#.#..# .# #..#...#
#.#..# ..# #..#.#.#
....###..#
#..#.#.#.#####.......#
#..†.#.#....@o.......#
##.###.#########.#.#.#
#.# #...........#
##.###############
#....# #....# #.[..#
#####....# .........#


You could see an orc priest.

Vanquished Creatures
  A centaur skeleton (D:4)
  4 adders
  A worm (D:2)
  A dart slug (D:3)
  An orc (D:4)
  2 endoplasms
  3 giant cockroaches
  4 goblins
  3 hobgoblins
  6 jackals (D:2)
  5 kobolds
  A quokka (D:4)
  5 ball pythons
  6 bats
  4 frilled lizards
  3 rats (D:1)
50 creatures vanquished.

Vanquished Creatures (others)
  3 fungi (D:1)
  A plant (D:1)
  A withered plant (D:1)
5 creatures vanquished.

Grand Total: 55 creatures vanquished

Notes
Turn   | Place    | Note
-------+----------+-------------------------------------------
     0 | D:1      | Peloso the Minotaur Fighter began the quest for the Orb.
     0 | D:1      | Reached XP level 1. HP: 19/19 MP: 0/0
   346 | D:1      | Reached XP level 2. HP: 27/27 MP: 1/1
   456 | D:1      | Found a faded altar of an unknown god.
  1362 | D:2      | Reached XP level 3. HP: 26/33 MP: 2/2
  1897 | D:2      | Reached XP level 4. HP: 40/40 MP: 3/3
  2466 | D:3      | Found a glowing silver altar of Zin.
  2712 | D:4      | Killed from afar by an orc priest

Illustrated notes

Levels and vault maps discovered:
D:1:      nicolae_arrival_somewhat_less_tricky_arrival, layout_basic,
          shapermc_ecumenical_altar_gd, glass_columns_a,
          minmay_tree_intersection, hangedman_decor_growths
D:2:      layout_rooms
D:3:      layout_basic, zin_academy, lemuel_another_geyser
D:4:      cheibrodos_barr_body, layout_basic, nicolae_sif_muna_condensation,
          kennysheep_mini_moat, minmay_temple_entry_enclosed_plants,
          grunt_decor_one_mirror

Skill      XL: |  1  2  3 |
---------------+----------+-----
Armour         | 4 |  4.9
Long Blades    | 3 |  3.6
Fighting       | 4 |  4.3
Shields        | 4 |  4.2
Dodging        | |  0.9
Stealth        | |  0.2

Action                   |  1- 3 |  4- 6 || total
-------------------------+-------+-------++-------
Melee: Long sword        |    92 |    37 ||   129
       Headbutt          |    16 |     5 ||    21
Armor: Scale mail        |    46 |    15 ||    61
Dodge: Dodged            |    39 |    17 ||    56
Block: Buckler           |    20 |    10 ||    30
